Map: Ever Dream LE

Players

zivis - Winner!

  • Race: Zerg Zerg
  • League: Gold
  • Spawn Location: 7:00

antagomiR

  • Race: Protoss Protoss
  • League: Gold
  • Spawn Location: 1:00

VOD

Have the link to the VOD?

Description

Time

  • Played on: April 11, 2020, 12:28 a.m.
  • Length: 21:06
Show
View Real Time Build Order
Export as new Build Order

zivis Zerg - Winner!

Build Orders: Pool First 

Get SALT Encoding   

  12  0:09  Drone  
  13  0:14  Overlord  
  13  0:20  Drone  
  14  0:37  Drone x2  
  16  0:47  Drone  
  17  1:00  Spawning Pool  
  17  1:01  Extractor  
  15  1:04  Drone  
  16  1:28  Hatchery  
  15  1:34  Drone x3  
  18  1:58  Drone x2  
  20  2:07  Queen  
  22  2:16  Metabolic Boost  
  22  2:30  Overlord x2  
  22  2:42  Drone x3  
  25  2:54  Drone x2  
  27  3:02  Queen  
  28  3:20  Lair  
  28  3:24  Extractor, Drone  
  28  3:25  Drone x5  
  33  3:29  Drone x3  
  36  3:37  Queen  
  38  3:46  Hatchery  
  37  3:59  Overlord x2  
  37  4:00  Overlord  
  37  4:01  Drone x3  
  37  4:02  Drone  
  41  4:44  Hydralisk Den  
  40  4:48  Extractor  
  39  5:23  Queen  
  41  5:28  Hydralisk  
  41  5:29  Hydralisk x6  
  41  5:30  Hydralisk x4  
  41  5:31  Hydralisk  
  65  5:37  Zergling x8  
  65  5:38  Zergling x10  
  74  5:52  Overlord x2  
  74  5:53  Overlord  
  74  6:01  Muscular Augments  
  74  6:10  Queen  
  76  6:13  Drone x3  
  76  6:14  Drone x3  
  82  6:54  Pneumatized Carapace  
  79  7:29  Hydralisk x4  
  81  7:30  Hydralisk x5  
  82  7:55  Zergling x2  
  82  7:56  Zergling x10  
  81  8:15  Zergling x4  
  77  8:33  Overlord x4  
  75  8:53  Grooved Spines  
  75  9:00  Evolution Chamber  
  75  9:02  Evolution Chamber  
  73  9:06  Overlord x4  
  73  9:21  Hatchery  
  72  9:25  Hydralisk x2  
  72  9:26  Hydralisk x5  
  72  9:27  Hydralisk x5  
  72  9:28  Hydralisk x4  
  94  10:07  Zergling x2  
  94  10:08  Zergling x12  
  94  10:09  Zergling x14  
  94  10:10  Zergling x4  
  104  10:22  Infestation Pit  
  89  10:50  Hydralisk x6  
  89  10:51  Hydralisk x6  
  89  10:52  Hydralisk  
  115  11:01  Hive  
  115  11:15  Overseer x2  
  115  11:16  Overseer  
  115  11:18  Queen  
  115  11:20  Drone x5  
  115  11:21  Drone x2  
  124  11:28  Zerg Missile Weapons Level 1  
  124  11:29  Zerg Ground Armor Level 1  
  124  11:48  Extractor  
  124  11:53  Extractor  
  122  12:21  Extractor  
  120  12:56  Hydralisk x6  
  120  12:57  Hydralisk x7  
  120  12:58  Hydralisk x4  
  146  13:00  Zergling x2  
  146  13:01  Zergling x12, Hatchery  
  146  13:02  Zergling x10  
  165  13:20  Zergling x6  
  165  13:22  Overlord  
  165  13:23  Overlord x4  
  168  13:28  Adrenal Glands  
  168  13:37  Ultralisk Cavern  
  167  13:41  Zerg Melee Weapons Level 1  
  167  13:48  Zergling x10  
  171  13:55  Zergling x6  
  174  13:56  Zergling x12  
  174  13:57  Zergling x10  
  174  13:58  Zergling x14  
  193  14:06  Zerg Missile Weapons Level 2  
  193  15:12  Zergling x9  
  193  15:13  Zergling  
  198  15:16  Queen  
  198  15:21  Drone x3  
  199  15:35  Zerg Ground Armor Level 2  
  191  16:09  Ultralisk  
  197  16:18  Chitinous Plating  
  197  16:30  Queen  
  153  17:04  Ultralisk x4  
  153  17:05  Ultralisk  
  153  17:06  Hydralisk x2  
  153  17:07  Hydralisk x2  
  107  17:35  Zergling x4  
  107  17:36  Zergling x12  
  107  17:37  Zergling x14  
  117  17:38  Zergling x12  
  117  17:39  Zergling x2  
  129  18:06  Anabolic Synthesis  
  95  18:56  Hydralisk x2  
  95  18:57  Hydralisk x7  
  95  18:58  Hydralisk x4  
  95  18:59  Zergling x2  
  95  19:00  Zergling x12  
  95  19:01  Zergling x14  
  127  19:16  Zergling x2  
  127  19:17  Zergling x8  
  105  20:09  Zergling x4  
  105  20:10  Zergling x12  
  105  20:11  Zergling x12  
  105  20:12  Zergling x2  
  120  20:28  Zergling x8  
Show
View Real Time Build Order
Export as new Build Order

antagomiR Protoss 

Build Orders:  

Get SALT Encoding   

  12  0:08  Probe  
  13  0:18  Pylon  
  13  0:22  Probe  
  14  0:34  Probe  
  15  0:40  Gateway  
  15  0:46  Probe (Chrono Boost)  
  17  0:57  Probe (Chrono Boost)  
  17  1:02  Probe (Chrono Boost)  
  18  1:17  Probe  
  19  1:25  Assimilator  
  19  1:28  Assimilator  
  19  1:36  Cybernetics Core  
  19  1:38  Probe (Chrono Boost)  
  20  1:48  Probe (Chrono Boost)  
  20  1:50  Pylon  
  21  1:59  Nexus  
  21  2:10  Probe (Chrono Boost)  
  21  2:14  Warp Gate  
  22  2:20  Probe (Chrono Boost), Adept  
  25  2:27  Probe  
  26  2:39  Probe  
  27  2:51  Probe  
  28  3:03  Stalker  
  30  3:06  Probe  
  31  3:13  Probe  
  31  3:18  Probe  
  33  3:21  Gateway  
  33  3:22  Gateway  
  33  3:25  Probe  
  34  3:30  Probe  
  34  3:33  Sentry  
  37  3:35  Shield Battery  
  37  3:37  Probe  
  38  3:42  Probe  
  38  3:47  Twilight Council  
  39  3:50  Probe  
  39  3:54  Probe  
  41  3:59  Sentry  
  41  4:02  Probe  
  44  4:06  Probe  
  45  4:14  Probe  
  45  4:16  Pylon  
  46  4:26  Pylon  
  46  4:34  Probe  
  46  4:35  Probe  
  46  4:36  Pylon  
  46  4:37  Pylon  
  48  4:39  Sentry x2  
  52  4:47  Probe x2  
  54  4:54  Stalker  
  54  4:59  Probe x2  
  58  5:11  Stalker  
  58  5:14  Blink  
  60  5:15  Probe x2  
  62  5:23  Forge  
  62  5:24  Forge  
  62  5:27  Probe x2, Templar Archives  
  64  5:31  Stalker  
  66  5:39  Probe x2  
  68  5:48  Nexus  
  68  5:49  Pylon  
  68  5:51  Probe  
  68  5:52  Probe, Pylon  
  68  5:55  Gateway  
  68  5:56  Phoenix  
  70  5:57  Gateway  
  70  5:59  Gateway  
  70  6:03  Probe  
  70  6:04  Probe  
  72  6:08  Protoss Ground Weapons Level 1 (Chrono Boost)  
  72  6:09  Gateway, Protoss Ground Armor Level 1 (Chrono Boost)  
  72  6:15  Probe  
  72  6:16  Probe  
  74  6:19  Shield Battery  
  74  6:20  Shield Battery  
  74  6:28  Probe, Stalker x2  
  79  6:35  Assimilator  
  79  6:36  Assimilator  
  79  6:48  Pylon  
  79  6:49  Shield Battery  
  79  6:51  Pylon, Stalker x2  
  79  6:52  Stalker  
  85  7:33  Zealot, Stalker x2  
  85  7:34  Zealot x3  
  89  7:40  Probe x2  
  65  7:52  Probe x2  
  65  7:55  Stalker  
  65  7:56  Stalker x2  
  73  8:04  Probe  
  70  8:06  Stalker  
  70  8:08  Stalker x2  
  70  8:10  Photon Cannon  
  70  8:11  Photon Cannon  
  68  8:21  Probe x2  
  70  8:33  Probe x2  
  72  8:41  Zealot x5  
  76  8:42  Zealot  
  76  8:45  Probe x2  
  85  8:57  Probe x2  
  87  9:09  Probe  
  88  9:12  Zealot x5  
  88  9:13  Zealot  
  100  9:24  Photon Cannon  
  100  9:27  Photon Cannon  
  100  9:31  Protoss Ground Weapons Level 2, Photon Cannon  
  100  9:35  Zealot x2  
  100  9:36  Cybernetics Core, Zealot x2  
  100  9:37  Zealot x2  
  98  10:00  Charge (Chrono Boost)  
  98  10:15  Stalker x2  
  98  10:16  Stalker x4  
  94  10:48  Stalker  
  94  10:49  Stalker  
  96  10:50  Stalker x4  
  96  10:55  Protoss Ground Armor Level 2  
  104  11:01  Assimilator  
  104  11:05  Assimilator  
  104  11:07  Photon Cannon  
  104  11:08  Probe  
  104  11:09  Probe  
  104  11:10  Photon Cannon  
  106  11:12  Photon Cannon  
  106  11:14  Stalker  
  106  11:15  Stalker x4  
  106  11:16  Stalker  
  118  11:21  Probe x2  
  120  11:40  High Templar x2  
  124  11:53  Pylon  
  124  11:54  Pylon  
  124  11:55  Archon  
  124  11:56  Pylon  
  124  12:12  Nexus  
  124  12:17  Pylon  
  124  12:19  Pylon  
  124  12:22  Sentry x3  
  130  12:25  High Templar x3  
  130  12:29  Archon  
  136  12:49  Zealot x3  
  142  12:57  Shield Battery  
  142  13:00  Shield Battery  
  142  13:01  Photon Cannon  
  142  13:02  Photon Cannon  
  142  13:04  Photon Cannon  
  142  13:08  Gateway  
  142  13:10  Gateway  
  142  13:12  Gateway  
  142  13:14  Gateway, Stalker  
  142  13:15  Stalker  
  142  13:16  High Templar x4  
  154  13:24  Pylon x2  
  154  13:26  Pylon x2  
  154  13:36  Archon x2  
  154  13:55  Probe x3  
  157  14:04  Assimilator  
  157  14:06  Assimilator  
  157  14:07  Probe  
  158  14:16  Stargate  
  158  14:18  Protoss Ground Weapons Level 3 (Chrono Boost)  
  158  14:19  Protoss Ground Armor Level 3 (Chrono Boost), Stargate  
  158  14:22  Stargate  
  158  14:25  Photon Cannon  
  158  14:29  High Templar  
  160  14:32  Zealot x4  
  160  14:33  Zealot x3  
  160  14:34  Zealot x2  
  170  15:20  High Templar x6  
  182  15:25  Archon x3  
  172  15:41  High Templar x2  
  176  15:43  Zealot x2  
  176  15:46  Archon  
  179  16:07  Zealot x4  
  179  16:08  Zealot x3  
  179  16:09  Zealot  
  195  16:14  Archon  
  195  16:41  Pylon  
  109  17:21  High Templar, Zealot  
  109  17:22  High Templar  
  91  17:23  Zealot x5  
  91  17:24  Zealot x2  
  101  17:36  Archon  
  101  17:40  Void Ray x2 (Chrono Boost)  
  101  17:41  Void Ray (Chrono Boost)  
  113  17:54  Stalker x2  
  113  17:55  Stalker  
  113  17:56  High Templar  
  121  18:18  Void Ray x3 (Chrono Boost)  
  133  18:32  Zealot x2  
  133  18:33  Zealot x3  
  133  18:34  Zealot x3  
  121  18:52  Zealot x2  
  117  18:56  Void Ray x3  
  104  19:07  Zealot  
  104  19:08  Zealot x4  
  104  19:09  Zealot  
  85  19:20  Zealot x2  
  77  19:39  Void Ray x3 (Chrono Boost)  
  77  19:41  Zealot x5  
  77  19:42  Zealot  
  56  20:02  Zealot x2  
  56  20:03  Zealot x2  
  56  20:04  Zealot  
  44  20:09  Zealot  
  44  20:12  Void Ray (Chrono Boost)  
  44  20:13  Void Ray (Chrono Boost)  
  35  20:19  Void Ray (Chrono Boost)  
  33  20:45  Zealot  
Tags
 
League
GoldGold
Matchup
PvZ
Opening
Pool First
Replay Pack
20200422
Spawn Locations
Cross Positions
Add a new tag
Caveats
  • Supply blocks, unpowered buildings, or Contaminate may cause inaccurate times.
  • Supply counts are checked every 10 seconds.